 Dungeon Crawl Stone Soup version 0.16-a0-3178-g2c88c44 (webtiles) character file.

51 Johnny the Bolt Thrower (level 4, -3/34 HPs)
             Began as a Human Hunter on Dec 17, 2014.
             Slain by an orc wizard
             ... wielding a +0 dagger
              (5 damage)
             ... on level 2 of the Dungeon.
             The game lasted 00:02:10 (1458 turns).

Johnny the Bolt Thrower (Human Hunter)              Turns: 1458, Time: 00:02:10

Health: -3/34      AC:  3    Str: 17    XL:     4   Next: 7%
Magic:  4/4        EV: 12    Int: 11    God:
Gold:   105        SH:  0    Dex: 15    Spells: 0 memorised, 3 levels left

rFire  + . .     SeeInvis .     d - +0 dagger (speed)
rCold  . . .     Clarity  .     j - +0 leather armour {rF+}
rNeg   . . .     SustAb   .     (no shield)
rPois  .         Gourm    .     (helmet restricted)
rElec  .         Spirit   .     (no cloak)
rCorr  .         Warding  .     (no gloves)
rMut   .         Stasis   .     (no boots)
MR     .....                    (no amulet)
Stlth  +.........               (no ring)
                                (no ring)

@: confused, mighty, not resistant to hostile enchantments, very unstealthy
A: horns 1, blurry vision 1, deterioration 1
a: no special abilities


You were on level 2 of the Dungeon.
You were near starving.

You visited 1 branch of the dungeon, and saw 3 of its levels.

You collected 105 gold pieces.

Inventory:

Hand weapons
 b - a +1 hand crossbow
 d - a +0 dagger of speed (weapon)
Missiles
 c - 20 bolts
Armour
 j - a +0 leather armour of fire resistance (worn)
Scrolls
 m - a scroll of remove curse {unknown}
 n - a scroll of identify {unknown}
Potions
 l - a potion of brilliance {unknown}
 o - a potion of magic {unknown}
Comestibles
 a - a slice of pizza
 f - 3 bread rations
 g - 2 meat rations
 h - a royal jelly
 k - 2 beef jerkies


   Skills:
 + Level 2.3 Fighting
 * Level 4.8 Crossbows
 + Level 0.0 Armour
 + Level 2.6 Dodging
 - Level 1.0 Stealth


You had 3 spell levels left.
You didn't know any spells.

Dungeon Overview and Level Annotations

Branches:
Dungeon (3/15)

Altars:


Innate Abilities, Weirdness & Mutations

You have a pair of small horns on your head.
Scrolls take you a little longer to read.
Your body is slowly deteriorating.


Message History

* * * LOW HITPOINT WARNING * * *
You hit something but do no damage. You hit something.
You hear some strange, mumbled words.
The magic dart hits you!
* * * LOW HITPOINT WARNING * * *
You barely miss something. Something hits you.
* * * LOW HITPOINT WARNING * * *
Unknown command.
Drink which item? (? for menu, Esc to quit)
It was a potion of might.
You feel very mighty all of a sudden.
You hear some strange, mumbled words.
You are confused.
Drink which item? (? for menu, Esc to quit)
It was a potion of mutation.
You feel extremely strange.
You feel yourself wasting away.
Your vision blurs.
A pair of horns grows on your head! Something hits you.
You die...

#.# #.# ###############
##. #.............##### ##
#.####..##........# #
#.####..##.##.###.#
#..........##.# #.#
#.####..#####.# #.#
#)####@.#####.###.#
####......{..........#
#........>.....##.########
#.#######......##.#......#
#.# #.........#.###... #.#
#......#.......... #.#
#.........#.###... #.#
#......##.#......# #.#
#......##.########


There were no monsters in sight!

Vanquished Creatures
  2 worms (D:2)
  3 giant geckos
  2 giant cockroaches
  8 goblins
  7 hobgoblins
  A ball python (D:2)
  2 bats (D:1)
  8 giant newts
  6 kobolds
  3 rats
42 creatures vanquished.

Notes
Turn   | Place    | Note
--------------------------------------------------------------
     0 | D:1      | Johnny, the Human Hunter, began the quest for the Orb.
     0 | D:1      | Reached XP level 1. HP: 16/16 MP: 1/1
   109 | D:1      | Reached XP level 2. HP: 20/22 MP: 2/2
   551 | D:1      | Reached XP level 3. HP: 27/27 MP: 3/3
  1188 | D:2      | Reached XP level 4. HP: 33/33 MP: 4/4
  1458 | D:2      | Gained mutation: Your body is slowly deteriorating. [potion of mutation]
  1458 | D:2      | Gained mutation: Scrolls take you a little longer to read. [potion of mutation]
  1458 | D:2      | Gained mutation: You have a pair of small horns on your head. [potion of mutation]
  1458 | D:2      | Slain by an orc wizard

Action                   |  1- 3 |  4- 6 || total
-------------------------+-------+-------++-------
Melee: Dagger            |     9 |    50 ||    59
 Fire: Hand crossbow     |    78 |       ||    78
  Use: Potion            |       |     2 ||     2
 Stab: Sleeping          |       |     1 ||     1
